 Dungeon Crawl Stone Soup version 0.21.1-1-g345015fe64 (webtiles) character file.

2188 GotenAND the Cleaver (level 9, -4/78 HPs)
             Began as a Deep Dwarf Fighter on July 5, 2018.
             Was a Believer of Makhleb.
             Killed from afar by TomHero's ghost (11 damage)
             ... with a puff of flame
             ... on level 7 of the Dungeon.
             The game lasted 00:21:05 (5446 turns).

GotenAND the Cleaver (Deep Dwarf Fighter)           Turns: 5446, Time: 00:21:05

Health: -4/78      AC:  8    Str: 23    XL:     9   Next: 12%
Magic:  8/8        EV:  5    Int:  9    God:    Makhleb [**....]
Gold:   266        SH: 14    Dex: 12    Spells: 14/14 levels left

rFire    . . .     SeeInvis .   a - +2 war axe
rCold    . . .     Gourm    .   l - +0 large shield
rNeg     . . .     Faith    .   b - +0 scale mail
rPois    .         Spirit   .   m - +0 helmet
rElec    .         Reflect  .   (no cloak)
rCorr    .         Harm     .   (no gloves)
MR       +....                  B - +0 pair of boots
Stlth    ..........             (no amulet)
HPRegen  0.00/turn              (no ring)
MPRegen  0.11/turn              (no ring)

@: non-regenerating, very heavily drained
A: damage resistance, heal wounds, sense surroundings 2, no regeneration
a: Heal Wounds, Minor Destruction, Renounce Religion


You were on level 7 of the Dungeon.
You worshipped Makhleb.
Makhleb was pleased with you.
You were hungry.

You visited 2 branches of the dungeon, and saw 8 of its levels.
You also visited: Sewer.

You collected 266 gold pieces.

Inventory:

Hand Weapons
 a - a +2 war axe (weapon)
 r - a +2 long sword of slicing
Armour
 b - a +0 scale mail (worn)
 l - a +0 large shield (worn)
 m - a +0 helmet (worn)
 B - a +0 pair of boots (worn)
Jewellery
 x - an uncursed ring of protection from cold {unknown}
 y - a cursed +5 amulet of reflection {unknown}
Wands
 v - a wand of iceblast (5)
Scrolls
 c - 2 scrolls of blinking {unknown}
 e - 4 scrolls of remove curse
 g - 2 scrolls of amnesia
 h - a scroll of immolation
 i - a scroll of vulnerability {unknown}
 n - 2 scrolls of fear
 q - 2 scrolls of teleportation
 A - a scroll of enchant armour
Potions
 d - 2 potions of might
 j - a potion of flight {unknown}
 k - a potion of curing {unknown}
 p - 2 potions of resistance
 s - a potion of haste {unknown}
 t - a potion of heal wounds {unknown}
 u - 2 potions of degeneration {unknown}
 w - a potion of agility
Books
 z - a book of Minor Magic

   Spells                             Type                      Level
   a - Magic Dart                     Conjuration                  1
   b - Blink                          Translocation                2
   c - Call Imp                       Summoning                    2
   d - Slow                           Hexes                        2
   e - Conjure Flame                  Conjuration/Fire             3
   f - Mephitic Cloud                 Conjuration/Poison/Air       3
Comestibles
 f - 12 rations
 o - 16 chunks of flesh


   Skills:
 + Level 4.1(0.8) Fighting
 * Level 9.2(5.4) Axes
 + Level 5.4(2.0) Armour
 * Level 7.1(3.5) Shields
 * Level 3.2(0.0) Spellcasting


You had 14 spell levels left.
You didn't know any spells.

Dungeon Overview and Level Annotations

Branches:
Dungeon (7/15)             Temple (1/1) D:4

Altars:
Ashenzari
Cheibriados
Elyvilon
Fedhas
Gozag
Hepliaklqana
Kikubaaqudgha
Makhleb
Nemelex Xobeh
Okawaru
Qazlal
Sif Muna
Trog
Uskayaw
Vehumet
Wu Jian
Xom
Yredelemnul
The Shining One

Shops:
D:5 :

Annotations:
D:7 TomHero's ghost, novice HOFE


Innate Abilities, Weirdness & Mutations

You are resistant to damage.
You can heal yourself by infusing magical energy.
You passively map the area around you.
You do not regenerate.


Message History

You slash the centaur skeleton!
You destroy the centaur skeleton!
Makhleb accepts your kill.
You feel better.
You hit TomHero's ghost but do no damage.
The orc warrior hits you from afar with a glaive!!
You block the orc's attack.
TomHero's ghost points at you and mumbles some strange words.
The puff of flame hits you!
TomHero's ghost hits you but does no damage.
You feel drained.
The orc hits you from afar with a trident.
You are too injured to fight recklessly!
Unknown command.
You fail to use your ability.
The orc warrior hits you from afar with a glaive!!
* * * LOW HITPOINT WARNING * * *
TomHero's ghost casts a spell at you. The puff of flame hits you!
You die...

......#..#.## **** * *
#####....###### .$ * *
##...# #.., .. ,,, ,
#######..# #.# .# * *
....# ##.# #.# ..< ,#, ,
###.# ### #.#, .###.# *
###.#########.# .....#.
*
..............###W......
###.##..........@)o(....
,
#.##.......####.......,
* , #.............
o?.....
####........##*....... ,
########.# ....... , ..#
....... * *#.# .......
....... * , *


You could see an orc warrior, TomHero's ghost and an orc.

Vanquished Creatures
  2 hippogriffs (D:7)
  An ice beast (D:5)
  An orc warrior (D:7)
  2 ogres
  A centaur (D:6)
  The ghost of tidbits the Grave Robber, an amateur GnNe (D:5)
  4 scorpions
  2 howler monkeys
  A crimson imp (D:5)
  The ghost of dscm the Digger, a weakling OpEE (D:3)
  A bullfrog skeleton (D:4)
  4 orc priests
  2 hounds
  4 orc wizards
  An iguana (D:6)
  2 centaur skeletons (D:7)
  2 worker ants (D:4)
  A hound zombie (D:6)
  A howler monkey zombie (D:5)
  17 adders
  18 gnolls
  5 shadow imps
  An ooze (D:1)
  An adder skeleton (D:4)
  6 worms
  2 dart slugs
  4 leopard geckos
  22 orcs
  6 ball pythons
  7 bats
  5 giant cockroaches
  7 goblins
  5 hobgoblins
  10 jackals
  11 kobolds
  2 quokkas
  10 frilled lizards
  2 quokka skeletons
  A quokka zombie (D:7)
  3 rats
  A plant (Sewer)
180 creatures vanquished.

Notes
Turn   | Place    | Note
-------+----------+-------------------------------------------
     0 | D:1      | GotenAND the Deep Dwarf Fighter began the quest for the Orb.
     0 | D:1      | Reached XP level 1. HP: 20/20 MP: 1/1
   134 | D:1      | Reached XP level 2. HP: 27/27 MP: 2/2
   794 | D:2      | Reached XP level 3. HP: 33/33 MP: 3/3
   911 | D:2      | Found a sparkling altar of Nemelex Xobeh.
  1022 | D:2      | Reached skill level 3 in Axes
  1114 | D:2      | Reached XP level 4. HP: 33/40 MP: 5/5
  1140 | D:2      | Found a stormy altar of Qazlal.
  1562 | D:3      | Reached skill level 4 in Axes
  1786 | D:3      | Reached skill level 1 in Spellcasting
  1788 | D:3      | Reached XP level 5. HP: 44/49 MP: 4/4
  1802 | D:3      | Noticed dscm's ghost (weakling OpEE)
  1813 | D:3      | Killed dscm's ghost
  2101 | D:4      | Reached XP level 6. HP: 56/56 MP: 4/6
  2130 | D:4      | Reached skill level 5 in Axes
  2221 | D:4      | Found a staircase to the Ecumenical Temple.
  2228 | Temple   | Entered the Ecumenical Temple
  2416 | Temple   | Became a worshipper of Makhleb the Destroyer
  2566 | D:4      | Found a shattered altar of Ashenzari.
  2643 | D:4      | Reached XP level 7. HP: 45/62 MP: 6/6
  2735 | D:4      | Reached skill level 5 in Shields
  2856 | D:5      | Entered Level 5 of the Dungeon
  2859 | D:5      | Found a glowing drain.
  2882 | Sewer    | Entered a sewer
  2982 | Sewer    | Reached * piety under Makhleb
  3522 | D:5      | Reached skill level 6 in Axes
  3678 | D:5      | Found a bloodstained altar of Trog.
  3709 | D:5      | Found an opulent altar of Gozag.
  3716 | D:5      | Noticed tidbits's ghost (amateur GnNe)
  3735 | D:5      | Killed tidbits's ghost
  4022 | D:5      | Reached skill level 7 in Axes
  4127 | D:5      | Reached XP level 8. HP: 61/72 MP: 7/7
  4129 | D:5      | Reached ** piety under Makhleb
  4152 | D:5      | Found Zatew's Book Shoppe.
  4320 | D:5      | Found a radiant altar of Vehumet.
  4837 | D:6      | Reached skill level 8 in Axes
  4843 | D:6      | Found a deep blue altar of Sif Muna.
  5146 | D:7      | Reached skill level 5 in Armour
  5270 | D:7      | Noticed a hippogriff
  5287 | D:7      | Killed a hippogriff
  5362 | D:7      | Found a glowing golden altar of the Shining One.
  5386 | D:7      | Noticed a hippogriff
  5392 | D:7      | Killed a hippogriff
  5392 | D:7      | Reached skill level 9 in Axes
  5392 | D:7      | Gained mutation: You passively map the area around you. [Deep Dwarf growth]
  5392 | D:7      | Reached XP level 9. HP: 66/78 MP: 9/9
  5410 | D:7      | Noticed TomHero's ghost (novice HOFE)
  5446 | D:7      | Killed from afar by TomHero's ghost

Skill      XL: |  1  2  3  4  5  6  7  8 |
---------------+-------------------------+-----
Axes           | 3 4 5 7 9 |  9.2
Fighting       | 3 4 |  4.1
Shields        | 4 5 7 |  7.1
Spellcasting   | 1 2 3 |  3.2
Armour         | 4 5 |  5.4

Action                   |  1- 3 |  4- 6 |  7- 9 || total
-------------------------+-------+-------+-------++-------
Melee: War axe           |   123 |   203 |   317 ||   643
 Abil: Heal Wounds       |       |     9 |    22 ||    31
  Use: Scroll            |       |    11 |     5 ||    16
  Eat: Chunk             |     1 |     5 |    10 ||    16
Armor: Scale mail        |    53 |   157 |   117 ||   327
Dodge: Dodged            |    34 |   103 |    67 ||   204
Block: Shield            |    53 |   135 |       ||   188
       Large shield      |       |    10 |   314 ||   324
